 Dungeon Crawl Stone Soup version 0.22.0-34-g4f65f92 (webtiles) character file.

3658 HallandMoats the Fighter (level 10, -2/65 HPs)
             Began as a Gargoyle Fighter on Aug 23, 2018.
             Was a Believer of Okawaru.
             Slain by Melum's ghost (20 damage)
             ... on level 8 of the Dungeon.
             The game lasted 00:10:42 (6423 turns).

HallandMoats the Fighter (Gargoyle Fighter)         Turns: 6423, Time: 00:10:42

Health: -2/65      AC: 18    Str: 21    XL:     10   Next: 12%
Magic:  15/15      EV: 13    Int:  9    God:    Okawaru [**....]
Gold:   438        SH:  4    Dex: 11    Spells: 16/16 levels left

rFire    . . .     SeeInvis .   a - +1 war axe
rCold    . . .     Gourm    .   r - +0 buckler
rNeg     + . .     Faith    .   g - +1 troll leather armour {Purgy}
rPois    ∞         Spirit   .   b - +0 helmet
rElec    +         Reflect  .   m - +1 cloak
rCorr    .         Harm     .   (no gloves)
MR       .....                  B - +0 pair of boots
Stlth    +.........             (no amulet)
HPRegen  0.60/turn              (no ring)
MPRegen  0.14/turn              (no ring)

@: no status effects
A: negative energy resistance 1, electricity resistance, unbreathing,
petrification resistance, rot immunity, AC +7
a: Heroism, Renounce Religion


You were on level 8 of the Dungeon.
You worshipped Okawaru.
Okawaru was pleased with you.
You were hungry.

You visited 2 branches of the dungeon, and saw 9 of its levels.
You also visited: Sewer.

You collected 438 gold pieces.

Inventory:

Hand Weapons
 a - a +1 war axe (weapon)
Armour
 b - a +0 helmet (worn)
 g - a +1 troll leather armour (worn) {Purgy}
 m - a +1 cloak (worn)
 p - a +0 ring mail of cold resistance
 r - a +0 buckler (worn)
 B - a +0 pair of boots (worn)
Jewellery
 q - a cursed amulet of inaccuracy {unknown}
Wands
 G - a wand of flame (28)
Scrolls
 e - 11 scrolls of remove curse
 h - a scroll of blinking
 i - 7 scrolls of identify
 j - 4 scrolls of amnesia
 k - 4 scrolls of fog
 s - 2 scrolls of enchant weapon
 w - a scroll of fear
 x - a scroll of teleportation
 y - 2 scrolls of enchant armour
Potions
 c - a potion of resistance {unknown}
 d - a potion of lignification {unknown}
 l - 2 potions of degeneration {unknown}
 n - a potion of berserk rage {unknown}
 o - 4 potions of agility
 t - a potion of cancellation {unknown}
 u - 2 potions of haste {unknown}
 v - a potion of curing
 z - 2 potions of mutation {unknown}
 A - 2 potions of brilliance {unknown}
 C - a potion of flight {unknown}
 D - a potion of ambrosia {unknown}
 E - a potion of heal wounds {unknown}
Comestibles
 f - 20 rations
 F - 18 chunks of flesh


   Skills:
 * Level 8.8 Fighting
 * Level 7.0 Axes
 + Level 6.4 Armour
 + Level 4.1 Dodging
 - Level 4.2 Shields
 + Level 3.7 Spellcasting
 + Level 3.8 Invocations


You had 16 spell levels left.
You didn't know any spells.
Your spell library contained the following spells:

 Spells                   Type           Power        Failure   Level  Hunger
 Beastly Appendage        Tmut           #.....       32%         1    #......
 Confusing Touch          Hex            #.....       32%         1    #......
 Sticks to Snakes         Tmut           #.......     43%         2    ###....
 Confuse                  Hex            #.......     67%         3    ###....
 Gell's Gravitas          Tloc           #.........   67%         3    ###....
 Spider Form              Tmut/Pois      #.........   67%         3    ###....
 Ice Form                 Ice/Tmut       #.......     97%         4    #####..
 Petrify                  Tmut/Erth      #.......     97%         4    #####..
 Blade Hands              Tmut           #.........   100%        5    ######.
 Metabolic Englaciation   Hex/Ice        #.........   100%        5    ######.
 Yara's Violent Unravell  Hex/Tmut       #.........   100%        5    ######.


Dungeon Overview and Level Annotations

Branches:
Dungeon (8/15)             Temple (1/1) D:5
   Lair: D:8-11

Altars:
Ashenzari
Cheibriados
Dithmenos
Elyvilon
Fedhas
Gozag
Hepliaklqana
Kikubaaqudgha
Makhleb
Nemelex Xobeh
Okawaru
Ru
Sif Muna
Trog
Vehumet
Wu Jian
Xom
Yredelemnul
Zin

Annotations:
D:8 Melum's ghost, novice DsMo


Innate Abilities, Weirdness & Mutations

You are resistant to torment.
Your stone body is resilient. (AC +7)
You are immune to poison.
You resist negative energy. (rN+)
You are resistant to electric shocks. (rElec)
You can survive without breathing.
You are immune to petrification.
You are immune to rotting.


Message History

You hit Melum's ghost but do no damage.
Melum's ghost is lightly damaged.
Melum's ghost hits you but does no damage. x2
You hit Melum's ghost.
Melum's ghost is lightly damaged.
You block Melum's ghost's attack.
You slash Melum's ghost!
Melum's ghost is moderately damaged.
Melum's ghost hits you.
You hit Melum's ghost but do no damage.
Melum's ghost is moderately damaged.
Melum's ghost hits you!!
You slash Melum's ghost!
Melum's ghost is heavily damaged.
Melum's ghost hits you!
* * * LOW HITPOINT WARNING * * *
You hit Melum's ghost.
Melum's ghost is heavily damaged.
Melum's ghost barely misses you. Melum's ghost hits you!!
You die...

##. # ... .%#. #. #####...>
#. ### ...#.# #.##.####[##
...#. #..#.# #........#.###
...#..###..'.###.##....###÷..
#$#.?.....'..........## ##..
.#.) #..W†######.##.###.##
#.#.?###.h#@# #.##..#....
#$#.......#.######.......###
#.#########........#####.#
#...........######.# #.###
#.###)#.#.###### #.# #....
#.....#.#.#### #)# #.### #
#..†....# #.#####.#
###..###.†....)# #)[.....#
.......).......# #.........


You could see a hound and Melum's ghost.

Vanquished Creatures
  A two-headed ogre (D:5)
  Pikel (D:7)
  Grinder (D:3)
  A hungry ghost (D:7)
  Menkaure (D:4)
  3 slaves (D:7)
  Purgy (Sewer)
  2 ice beasts (D:5)
  A necrophage (D:5)
  4 ogres
  A phantom (D:4)
  2 centaurs (D:7)
  Blork the orc (D:4)
  3 bullfrogs
  3 scorpions
  A crimson imp (D:7)
  A bullfrog zombie (D:6)
  A hound (D:8)
  An orc priest (D:3)
  A centaur skeleton (D:7)
  2 iguanas
  4 orc wizards
  11 worker ants
  A worker ant zombie (D:5)
  A gnoll (D:1)
  7 adders
  A shadow imp (D:5)
  An ooze (D:5)
  2 adder zombies
  2 worms (D:2)
  2 dart slugs (D:1)
  10 leopard geckos
  19 orcs
  A ball python (D:4)
  12 bats
  6 giant cockroaches
  6 goblins
  10 hobgoblins
  4 jackals (D:4)
  3 quokkas
  5 frilled lizards
  A giant cockroach zombie (D:6)
  6 kobolds
  A quokka skeleton (D:5)
  8 rats
157 creatures vanquished.

Notes
Turn   | Place    | Note
-------+----------+-------------------------------------------
     0 | D:1      | HallandMoats the Gargoyle Fighter began the quest for the Orb.
     0 | D:1      | Reached XP level 1. HP: 14/14 MP: 1/1
   202 | D:1      | Reached XP level 2. HP: 13/19 MP: 2/2
   387 | D:1      | Reached XP level 3. HP: 22/24 MP: 3/3
  1261 | D:2      | Reached skill level 4 in Fighting
  1606 | D:2      | Reached XP level 4. HP: 26/29 MP: 4/4
  1619 | D:2      | Reached skill level 1 in Dodging
  2036 | D:3      | Reached XP level 5. HP: 33/34 MP: 5/5
  2299 | D:3      | Found a radiant altar of Vehumet.
  2452 | D:3      | Noticed Grinder
  2455 | D:3      | Paralysed by Grinder for 5 turns
  2472 | D:3      | Paralysed by Grinder for 5 turns
  2478 | D:3      | Killed Grinder
  2478 | D:3      | Reached skill level 5 in Fighting
  2478 | D:3      | Reached XP level 6. HP: 16/40 MP: 6/6
  2841 | D:4      | Noticed Blork the orc
  2861 | D:4      | Killed Blork the orc
  2928 | D:4      | Reached XP level 7. HP: 44/44 MP: 7/7
  2991 | D:4      | Found a glowing drain.
  3015 | Sewer    | Entered a sewer
  3065 | Sewer    | Noticed Purgy
  3081 | Sewer    | Killed Purgy
  3243 | D:4      | Reached skill level 6 in Fighting
  3284 | D:4      | Reached skill level 1 in Spellcasting
  3546 | D:4      | Noticed Menkaure
  3554 | D:4      | Killed Menkaure
  3554 | D:4      | Reached XP level 8. HP: 36/51 MP: 9/9
  3752 | D:5      | Entered Level 5 of the Dungeon
  3884 | D:5      | Found a staircase to the Ecumenical Temple.
  3893 | Temple   | Entered the Ecumenical Temple
  4013 | Temple   | Became a worshipper of Warmaster Okawaru
  4076 | D:5      | Reached skill level 5 in Armour
  4225 | D:5      | Noticed a two-headed ogre
  4240 | D:5      | Killed a two-headed ogre
  4240 | D:5      | Reached skill level 7 in Fighting
  4240 | D:5      | Reached skill level 5 in Axes
  4240 | D:5      | Reached XP level 9. HP: 38/57 MP: 10/12
  4266 | D:5      | Reached * piety under Okawaru
  5219 | D:7      | Noticed Pikel
  5243 | D:7      | Killed Pikel
  5243 | D:7      | Reached ** piety under Okawaru
  5243 | D:7      | Reached skill level 8 in Fighting
  5587 | D:7      | Found an opulent altar of Gozag.
  5590 | D:7      | Found a white marble altar of Elyvilon.
  5593 | D:7      | Found a bloodstained altar of Trog.
  5643 | D:7      | Found a shimmering altar of Xom.
  5908 | D:7      | Reached XP level 10. HP: 65/65 MP: 15/15
  6371 | D:8      | Noticed Melum's ghost (novice DsMo)
  6372 | D:8      | Found a runed gate.
  6372 | D:8      | Found a runed gate.
  6372 | D:8      | Found a runed gate.
  6423 | D:8      | Slain by Melum's ghost

Skill      XL: |  1  2  3  4  5  6  7  8  9 10 |
---------------+-------------------------------+-----
Axes           | 2 3 4 5 6 7 |  7.0
Fighting       | 4 5 6 7 8 |  8.8
Dodging        | 1 2 3 4 |  4.1
Armour         | 4 5 6 |  6.4
Spellcasting   | 1 2 3 |  3.7
Shields        | 4 |  4.2
Invocations    | 2 3 |  3.8

Action                   |  1- 3 |  4- 6 |  7- 9 | 10-12 || total
-------------------------+-------+-------+-------+-------++-------
Melee: War axe           |   110 |    95 |   248 |    60 ||   513
  Use: Potion            |       |     2 |     1 |       ||     3
       Scroll            |       |     5 |     5 |       ||    10
  Eat: Chunk             |     2 |     5 |    10 |     5 ||    22
Armor: Scale mail        |    51 |       |       |       ||    51
       Ring mail         |    41 |    48 |   117 |       ||   206
       Troll leather arm |       |       |    59 |    27 ||    86
Dodge: Dodged            |   106 |    80 |   193 |    33 ||   412
Block: Buckler           |       |     7 |    79 |    11 ||    97
